 Dungeon Crawl Stone Soup version 0.21-a0-238-geb0acef (webtiles) character file.

34852 Monsterracer the Carver (level 14, -9/178 HPs)
             Began as a Human Gladiator on Sept 2, 2017.
             Was the Champion of Wu Jian.
             Mangled by an azure jelly (20 damage)
             ... on level 5 of the Lair of Beasts.
             The game lasted 00:39:46 (22281 turns).

Monsterracer the Carver (Human Gladiator)          Turns: 22281, Time: 00:39:46

Health: -9/178     AC: 19    Str: 27    XL:     14   Next: 15%
Magic:  14/14      EV: 14    Int:  9    God:    Wu Jian [******]
Gold:   508        SH:  0    Dex: 14    Spells: 13/13 levels left

rFire    + + .     SeeInvis .   a - +5 scimitar (slice)
rCold    + . .     Gourm    .   (no shield)
rNeg     . . .     Faith    +   L - +2 scale mail {rC+}
rPois    .         Spirit   .   x - +2 helmet
rElec    .         Reflect  .   F - scarf {cloud immunity}
rCorr    .         Harm     .   (no gloves)
MR       +....                  l - +2 pair of boots {Fly}
Stlth    ..........             w - amulet of faith
HPRegen  0.39/turn              J - ring of protection from fire
MPRegen  0.14/turn              (no ring)

@: berserking, flying, drained, very quick
A: molten scales 1, fire resistance 1, strong 1
a: Serpent's Lash, Heavenly Storm, Renounce Religion, Stop Flying


You were on level 5 of the Lair of Beasts.
You worshipped Wu Jian.
Wu Jian was exalted by your worship.
You were very hungry.

You visited 2 branches of the dungeon, and saw 15 of its levels.

You collected 776 gold pieces.
You spent 268 gold pieces at shops.

Inventory:

Hand Weapons
 a - a +5 scimitar of slicing (weapon)
 b - a +2 scimitar of flaming
Missiles
 d - 4 throwing nets (quivered)
Armour
 l - a +2 pair of boots of flying (worn)
 x - a +2 helmet (worn)
 F - a scarf of cloud immunity (worn)
 G - a +1 hat of magic resistance
 H - a +0 chain mail of magic resistance
 L - a +2 scale mail of cold resistance (worn)
Jewellery
 w - an amulet of faith (around neck)
 J - a ring of protection from fire (left hand)
Wands
 e - a wand of flame (27/48)
 q - a wand of digging (18/24)
 A - a wand of lightning (7/15)
 B - a wand of acid (10/15)
Scrolls
 g - a scroll of fear
 k - 5 scrolls of recharging
 n - 2 scrolls of fog
 o - 10 scrolls of remove curse
 t - 4 scrolls of magic mapping
 v - 4 scrolls of teleportation
 y - a scroll of enchant weapon
 D - a scroll of enchant armour
Potions
 c - 2 potions of curing
 j - 6 potions of flight
 m - 5 potions of haste
 p - a potion of ambrosia
 r - 7 potions of heal wounds
 s - 3 potions of berserk rage
 u - a potion of cancellation
 C - 2 potions of brilliance
 I - 3 potions of might
Comestibles
 f - 7 bread rations
 h - 34 fruits
 i - 14 royal jellies
 E - 9 meat rations


   Skills:
 * Level 13.8(12.6) Fighting
 * Level 13.9(12.6) Long Blades
 - Level 2.0(1.0) Throwing
 + Level 9.8(8.7) Armour
 + Level 8.2(7.1) Dodging
 - Level 0.4(0.0) Stealth


You had 13 spell levels left.
You didn't know any spells.

Dungeon Overview and Level Annotations

Branches:
Dungeon (10/15)            Temple (0/1) D:7            Lair (5/6) D:9
 Shoals (0/4) Lair:4       Spider (0/4) Lair:2        Slime (0/5) Lair:5
    Orc: D:9-12

Altars:
Hepliaklqana
Uskayaw
Wu Jian
Xom
Zin
Beogh
Jiyva

Shops:
D:5 (   D:6 ?   D:8 ?(**[   D:10 *


Innate Abilities, Weirdness & Mutations

You are partially covered in molten scales. (AC +2)
Your flesh is heat resistant. (rF+)
Your muscles are strong. (Str +2)


Message History

You slice the azure jelly!!
The azure jelly is almost dead.
Unknown command.
You completely miss the azure jelly.
The azure jelly is almost dead.
The azure jelly hits you.
* * * LOW HITPOINT WARNING * * *
The azure jelly freezes you! You resist.
* * * LOW HITPOINT WARNING * * *
The azure jelly hits you but does no damage.
The azure jelly misses you. The azure jelly barely misses you.
Huge Dmg: -7%(-13hp) hp: 11%(19hp)
You closely miss the azure jelly.
The azure jelly is almost dead.
You slash the azure jelly!
The azure jelly is almost dead.
The azure jelly hits you!
* * * LOW HITPOINT WARNING * * *
The azure jelly freezes you!! You resist.
You die...

.#.#.............................
.#.#...............#.##......####
.#.#####.........######.#..#####
รท#.####..........######....###.##
##.#.##....).....#.....P.....P..#
...#............................P
####.............................
...'.##..#......#J..P....###.PP##
###########....#@####...## #####
...# #....### #....# ...# ##...##
#...## ...# ##....# #....# ...#
##...P## #....## .#P# #.....#
#.###.# #### ####.## ### ### ###


You could see an azure jelly.

Vanquished Creatures
  Gastronok (D:9)
  A hydra (Lair:3)
  2 ghost crabs (Lair:5)
  A catoblepas (Lair:3)
  Erica (D:9)
  A two-headed ogre (D:8)
  4 death yaks
  Urug (Lair:5)
  The ghost of Kidiri the Thaumaturge, a novice DEFE of Vehumet (D:9)
  5 fire crabs (Lair:5)
  An oklob plant (Lair:1)
  An ice statue (D:10)
  2 centaur zombies (D:10)
  6 elephants (Lair:5)
  4 black mambas
  An apocalypse crab (Lair:5)
  A gargoyle (D:10)
  A torpor snail (Lair:3)
  4 komodo dragons
  8 spiny frogs
  5 jumping spiders (Lair:2)
  A slime creature (Lair:1)
  8 hippogriffs
  5 dream sheep (Lair:5)
  6 blink frogs (Lair:4)
  2 redbacks
  13 yaks
  3 basilisks
  6 water moccasins
  6 porcupines
  A hornet zombie (D:5)
  5 orc warriors
  2 phantoms
  A black bear (D:8)
  8 wolves
  3 sky beasts
  3 ogres
  The ghost of Monsterracer the Slasher, an amateur BaGl of Lugonu (D:3)
  5 centaurs
  2 crocodiles (Lair:1)
  A big kobold (D:10)
  13 bullfrogs
  4 scorpions
  5 killer bees (D:8)
  9 howler monkeys
  2 electric eels (D:8)
  6 crimson imps
  5 hounds
  A bullfrog zombie (D:7)
  9 jellies
  2 centaur skeletons
  7 orc wizards
  6 orc priests
  2 bullfrog skeletons
  3 iguanas
  9 worker ants
  A worker ant zombie (D:5)
  A howler monkey zombie (D:10)
  3 gnolls (D:5)
  12 adders
  A shadow imp (D:9)
  22 oozes
  3 adder zombies
  An adder skeleton (D:3)
  3 worms
  3 dart slugs
  5 leopard geckos
  64 orcs
  2 giant cockroaches
  8 goblins
  9 hobgoblins
  14 jackals
  4 quokkas
  2 ball pythons
  8 bats
  3 frilled lizards
  9 kobolds
  A leopard gecko skeleton (D:5)
  A quokka zombie (D:6)
  6 rats
  3 plants
406 creatures vanquished.

Vanquished Creatures (others)
  12 fungi
  9 plants
21 creatures vanquished.

Grand Total: 427 creatures vanquished

Notes
Turn   | Place    | Note
-------+----------+-------------------------------------------
     0 | D:1      | Monsterracer the Human Gladiator began the quest for the Orb.
     0 | D:1      | Reached XP level 1. HP: 16/16 MP: 1/1
    26 | D:1      | Reached XP level 2. HP: 20/23 MP: 2/2
   449 | D:1      | Reached XP level 3. HP: 21/28 MP: 3/3
   832 | D:1      | HP: 14/28 [poisoned by an adder]
   966 | D:1      | HP: 14/28 [worm (6)]
   978 | D:1      | HP: 14/28 [bat (1)]
  1149 | D:2      | Reached XP level 4. HP: 34/34 MP: 4/4
  1422 | D:2      | Found a shimmering altar of Xom.
  1591 | D:2      | Found an ornate altar of the Wu Jian Council.
  1610 | D:2      | Became a worshipper of the Wu Jian Council
  1631 | D:3      | Noticed Monsterracer's ghost (amateur BaGl)
  1785 | D:3      | Reached skill level 1 in Armour
  1921 | D:3      | HP: 15/35 [Monsterracer's ghost (11)]
  2132 | D:3      | Reached XP level 5. HP: 41/41 MP: 5/5
  2154 | D:3      | HP: 20/41 [orc/flail (8)]
  2160 | D:3      | HP: 16/41 [orc (1)]
  2167 | D:3      | HP: 9/41 [orc/flail (1)]
  2490 | D:3      | HP: 19/41 [Monsterracer's ghost (5)]
  2552 | D:3      | HP: 18/41 [Monsterracer's ghost (4)]
  2554 | D:3      | HP: 5/41 [Monsterracer's ghost (12)]
  3076 | D:3      | Reached * piety under Wu Jian
  3107 | D:4      | HP: 18/41 [hound (3)]
  3199 | D:4      | HP: 19/41 [iguana (5)]
  3201 | D:4      | HP: 7/41 [iguana (13)]
  3203 | D:4      | Reached XP level 6. HP: 8/48 MP: 6/6
  3687 | D:4      | HP: 24/48 [poisoned by a scorpion]
  3688 | D:4      | HP: 5/48 [scorpion (8)]
  3694 | D:4      | HP: 4/48 [poisoned by a scorpion]
  3702 | D:4      | HP: 3/48 [poisoned by a scorpion]
  3993 | D:4      | HP: 23/48 [poisoned by a scorpion]
  3998 | D:4      | HP: 16/48 [poisoned by a scorpion]
  4003 | D:3      | HP: 11/48 [poisoned by a scorpion]
  4005 | D:3      | HP: 4/48 [orc/short sword (4)]
  4261 | D:4      | HP: 23/48 [poisoned by a scorpion]
  4266 | D:4      | HP: 20/48 [poisoned by a scorpion]
  4271 | D:4      | HP: 17/48 [poisoned by a scorpion]
  4276 | D:4      | HP: 16/48 [poisoned by a scorpion]
  4283 | D:4      | HP: 15/48 [poisoned by a scorpion]
  4291 | D:3      | HP: 15/48 [poisoned by a scorpion]
  4572 | D:4      | HP: 18/49 [orc priest/divine providence (15)]
  4573 | D:4      | Reached XP level 7. HP: 20/55 MP: 7/7
  5012 | D:4      | Reached skill level 5 in Long Blades
  5253 | D:3      | HP: 19/55 [Monsterracer's ghost (12)]
  5505 | D:3      | HP: 25/55 [Monsterracer's ghost (12)]
  5508 | D:3      | HP: 11/55 [Monsterracer's ghost (9)]
  5528 | D:3      | HP: 11/55 [adder (1)]
  5533 | D:3      | HP: 10/55 [Monsterracer's ghost (2)]
  5935 | D:3      | Killed Monsterracer's ghost
  6067 | D:5      | Entered Level 5 of the Dungeon
  6081 | D:5      | Reached skill level 5 in Fighting
  6318 | D:5      | Found a hide-covered altar of Uskayaw.
  6391 | D:5      | Reached XP level 8. HP: 59/62 MP: 8/8
  6512 | D:5      | Found Ossebus's Antique Weapon Boutique.
  6520 | D:5      | Bought a runed scimitar for 203 gold pieces
  6658 | D:5      | Found a glowing silver altar of Zin.
  7215 | D:5      | Found a hazy altar of Hepliaklqana.
  7331 | D:6      | Found Wofrocu's Magic Scroll Emporium.
  7372 | D:6      | Reached ** piety under Wu Jian
  7377 | D:6      | Got an ichor-stained robe
  7388 | D:6      | Identified the +0 robe "Wuonuam" {rPois Int+2} (You found it on level 6 of the Dungeon)
  7439 | D:6      | Bought a scroll of teleportation for 30 gold pieces
  7462 | D:6      | Reached XP level 9. HP: 71/71 MP: 9/9
  7720 | D:6      | Reached skill level 5 in Dodging
  7742 | D:6      | Bought a scroll of fear for 35 gold pieces
  8292 | D:7      | Found a staircase to the Ecumenical Temple.
  8570 | D:8      | Found Tavyf's Antique Weapon Shop.
  8577 | D:8      | HP: 34/72 [electric eel/bolt of electricity (11)]
  8867 | D:8      | Found Fecuefy's General Store.
  8873 | D:8      | Found Uthisad's General Store.
  8918 | D:8      | Reached *** piety under Wu Jian
  9148 | D:8      | Reached XP level 10. HP: 53/80 MP: 10/10
  9418 | D:8      | Found Qaxin's Magic Scroll Shoppe.
  9731 | D:8      | Found Obezatakh's Antique Armour Shop.
  9920 | D:8      | Noticed a two-headed ogre
  9958 | D:8      | Killed a two-headed ogre
  9958 | D:8      | Reached skill level 5 in Armour
 10464 | D:9      | Noticed Erica
 10475 | D:9      | Killed Erica
 10543 | D:9      | Noticed Kidiri's ghost (novice DEFE)
 10545 | D:9      | HP: 28/83 [Kidiri's ghost/fireball (24)]
 10811 | D:9      | Reached **** piety under Wu Jian
 10871 | D:9      | Noticed Gastronok
 10892 | D:9      | Killed Gastronok
 10892 | D:9      | Reached skill level 10 in Long Blades
 10892 | D:9      | Reached XP level 11. HP: 61/90 MP: 11/11
 10976 | D:9      | Reached skill level 10 in Fighting
 11012 | D:9      | Found a roughly hewn altar of Beogh.
 11151 | D:9      | HP: 40/90 [burnt (6)]
 11152 | D:9      | HP: 18/90 [burnt (7)]
 11157 | D:9      | HP: 9/90 [Kidiri's ghost/fireball (6)]
 11494 | D:9      | Killed Kidiri's ghost
 11749 | D:9      | Found a staircase to the Lair.
 12161 | D:10     | Entered Level 10 of the Dungeon
 12316 | D:10     | Found Caotosi's Assorted Antiques.
 12453 | D:10     | Gained mutation: Your flesh is heat resistant. (rF+) [mutagenic meat]
 12454 | D:10     | Gained mutation: You are partially covered in molten scales. (AC +2) [mutagenic meat]
 12461 | D:10     | Gained mutation: Your muscles are strong. (Str +2) [mutagenic meat]
 12581 | D:10     | Reached ***** piety under Wu Jian
 12833 | D:10     | HP: 42/92 [ice statue/bolt of cold (19)]
 13432 | Lair:1   | Entered Level 1 of the Lair of Beasts
 13571 | Lair:1   | Got a bloodstained dagger
 13572 | Lair:1   | Identified the +3 dagger of Vadwafao {pierce, MR++ Int+4 Dex-3} (You found it on level 1 of the Lair of Beasts)
 13787 | Lair:1   | Noticed an oklob plant
 13859 | Lair:1   | HP: 43/92 [oklob plant/splash of acid (7)]
 13861 | Lair:1   | Killed an oklob plant
 14134 | Lair:1   | Reached XP level 12. HP: 74/100 MP: 12/12
 14513 | Lair:1   | HP: 50/100 [ooze (3)]
 15216 | Lair:2   | HP: 48/100 [jumping spider (4)]
 15223 | Lair:2   | HP: 39/100 [jumping spider (10)]
 15230 | Lair:2   | HP: 29/100 [redback (6)]
 15709 | Lair:2   | Found a hole to the Spider Nest.
 16693 | Lair:3   | Noticed a catoblepas
 16704 | Lair:3   | HP: 48/102 [catoblepas (15)]
 16706 | Lair:3   | Killed a catoblepas
 16734 | Lair:3   | HP: 50/102 [water moccasin (3)]
 16739 | Lair:3   | HP: 45/102 [poisoned by a water moccasin]
 16744 | Lair:3   | HP: 41/102 [poisoned by a water moccasin]
 16750 | Lair:3   | HP: 38/102 [poisoned by a water moccasin]
 16755 | Lair:3   | HP: 37/102 [poisoned by a water moccasin]
 16761 | Lair:3   | HP: 36/102 [poisoned by a water moccasin]
 16769 | Lair:3   | HP: 36/102 [poisoned by a water moccasin]
 17542 | Lair:3   | Reached ****** piety under Wu Jian
 17553 | Lair:3   | Reached XP level 13. HP: 82/109 MP: 13/13
 17889 | Lair:4   | Noticed a six-headed hydra
 17897 | Lair:4   | Noticed a six-headed hydra
 17899 | Lair:3   | HP: 49/109 [five-headed hydra (10)]
 17905 | Lair:3   | Killed a one-headed hydra
 18335 | Lair:3   | HP: 52/109 [death yak (12)]
 18346 | Lair:3   | HP: 40/109 [death yak (14)]
 18351 | Lair:3   | HP: 24/109 [death yak (18)]
 18660 | Lair:3   | HP: 54/109 [death yak (15)]
 18668 | Lair:3   | HP: 38/109 [death yak (8)]
 19030 | Lair:4   | HP: 52/109 [blink frog (4)]
 19271 | Lair:4   | Found a staircase to the Shoals.
 19864 | Lair:5   | Noticed Urug
 19891 | Lair:5   | Killed Urug
 20216 | Lair:5   | Found a runed door.
 20216 | Lair:5   | Found a viscous altar of Jiyva.
 20216 | Lair:5   | Found a staircase to the Slime Pits.
 20216 | Lair:5   | Noticed an azure jelly
 20216 | Lair:5   | Noticed an azure jelly
 20588 | Lair:5   | Found a runed door.
 21442 | Lair:5   | Reached XP level 14. HP: 105/118 MP: 14/14
 21642 | Lair:5   | HP: 59/119 [ghost crab (9)]
 21915 | Lair:5   | Paralysed by something for 4 turns
 22090 | Lair:5   | HP: 51/119 [azure jelly (15)]
 22273 | Lair:5   | HP: 59/119 [azure jelly (4)]
 22279 | Lair:5   | HP: 31/178 [azure jelly (2)]
 22281 | Lair:5   | HP: 11/178 [azure jelly (8)]
 22281 | Lair:5   | Mangled by an azure jelly

Vault maps used:
D:1:      dpeg_arrival_shrine, serial_forest, infiniplex_forest_lined_corner,
          infiniplex_forest_clump_long, infiniplex_forest_clump_tiny,
          infiniplex_forest_lined_room_3, infiniplex_forest_corner_1,
          infiniplex_forest_end_3
D:2:      lemuel_coloured_pillars_altar, lemuel_crystal_altar, first_bread,
          minmay_misc_feat_x, minmay_tetromino_o2
D:5:      kennysheep_mini_moat, lemuel_doored_altar,
          eat_drink_and_be_merry_uskayaw, serial_shops, shop
D:6:      serial_shops, shop
D:7:      minmay_temple_entry_statues_pillars
D:8:      serial_shops, nicolae_shop_waterfront, nicolae_shop_behind_doors,
          nicolae_shop_waterfront, shop, shop
D:9:      dpeg_oklobed_lair, special_room, serial_glass, glass_columns_a,
          glass_columns_a, minmay_strange_pillars, item_on_display_a,
          hangedman_little_slice_of_home, uniq_gastronok, uniq_erica
D:10:     serial_shops, nicolae_shop_overgrown_old_shop, bh_chokoban,
          minivault_16, st_stairs_4
Lair:1:   lemuel_slime, lemuel_fruit_tree, serial_bayou_shore_a,
          minmay_lair_oklob_chamber
Lair:2:   nicolae_spider_entry_tight_spaces, serial_bayou_shore_b
Lair:3:   grunt_megastairs_2
Lair:4:   minmay_shoals_entry_centaurs
Lair:5:   gammafunk_mikee_crab_dinner, slime_altar_2, uniq_urug

Skill      XL: |  1  2  3  4  5  6  7  8  9 10 11 12 13 14 |
---------------+-------------------------------------------+-----
Armour         | 1 2 3 4 6 7 8 9 |  9.8
Fighting       | 3 4 5 6 8 9 11 12 13 | 13.8
Long Blades    | 4 5 6 8 10 11 12 13 | 13.9
Dodging        | 4 5 7 8 |  8.2
Throwing       | |  2.0
Stealth        | |  0.4

Action                   |  1- 3 |  4- 6 |  7- 9 | 10-12 | 13-15 || total
-------------------------+-------+-------+-------+-------+-------++-------
Melee: Long sword        |   185 |   204 |   155 |       |       ||   544
       Scimitar          |       |       |   204 |   575 |   353 ||  1132
Evoke: Wand              |       |       |       |    10 |     4 ||    14
  Use: Potion            |       |     3 |       |     5 |     2 ||    10
       Scroll            |       |     7 |     9 |    11 |     3 ||    30
 Stab: Sleeping          |       |     2 |       |       |       ||     2
       Distracted        |       |       |       |     1 |       ||     1
  Eat: Chunk             |     1 |     9 |    13 |    27 |    14 ||    64
       Fruit             |       |     1 |     4 |     4 |       ||     9
Armor: Leather armour    |    28 |    46 |       |       |       ||    74
       Ring mail         |       |     4 |   106 |    31 |       ||   141
       Chain mail        |       |       |       |   170 |    70 ||   240
       Scale mail        |       |       |       |       |    77 ||    77
       Skin              |       |       |       |       |     5 ||     5
Dodge: Dodged            |    80 |   151 |   216 |   200 |   169 ||   816
       Rpst.: Long sword |    24 |    41 |    30 |       |       ||    95
       Scimitar          |       |       |    30 |    69 |    38 ||   137

Table legend:
 A = Spawn XP
 B = Non-spawn XP
 C = Spawn XP percentage of total XP
 D = Spawn monster count
 E = Non-spawn monster count
 F = Spawn count percentage of total count
 G = Total turns spent on level
                    A         B        C        D         E        F      G
               +---------+---------+-------+---------+---------+-------+---------
         Total |    6267 |   43522 |  12.6 |      73 |     330 |  18.1 | 22281
               +---------+---------+-------+---------+---------+-------+---------
           D:1 |       5 |      60 |   7.7 |       3 |      22 |  12.0 |  1122
           D:2 |      24 |      55 |  30.4 |       7 |       9 |  43.8 |  1618
           D:3 |      36 |     210 |  14.6 |       6 |      20 |  23.1 |  1740
           D:4 |     136 |     347 |  28.2 |       8 |      16 |  33.3 |  1696
           D:5 |     164 |     795 |  17.1 |       3 |      19 |  13.6 |  1314
           D:6 |       6 |     545 |   1.1 |       3 |      15 |  16.7 |   544
           D:7 |       0 |     793 |   0.0 |       0 |      26 |   0.0 |   729
           D:8 |     629 |    1666 |  27.4 |      10 |      16 |  38.5 |  1917
           D:9 |     132 |    5571 |   2.3 |       4 |      49 |   7.5 |  1589
          D:10 |     381 |    2359 |  13.9 |       7 |      31 |  18.4 |  1163
        Lair:1 |    1394 |    3094 |  31.1 |       7 |      32 |  17.9 |  1953
        Lair:2 |     572 |    2489 |  18.7 |       2 |       9 |  18.2 |  1267
        Lair:3 |     494 |    8336 |   5.6 |       2 |      23 |   8.0 |  2104
        Lair:4 |     725 |    5084 |  12.5 |       6 |      18 |  25.0 |  1088
        Lair:5 |    1569 |   12118 |  11.5 |       5 |      25 |  16.7 |  2437
               +---------+---------+-------+---------+---------+-------+---------
